3AA
WESTWOOD SIXSHOOTERS @ GLENDALE HERONS
06/30/2022
 
TOP OF THE 1ST
Westwood Sixshooters batting - Pitching for Glendale Herons : RHP Jesús López
Pitching: RHP Jesús López
Batting: RHB Manuel Becerra 0-0: Ball
1-0: Swinging Strike
1-1: Ball
2-1: Ball
3-1: Called Strike
3-2: SINGLE (Line Drive, 6MD)
Batting: RHB Jason Boyer 0-0: Ball
1-0: Ball
2-0: Called Strike
2-1: Swinging Strike
2-2: Ball
3-2: Strikes out looking
Manuel Becerra steals 2nd base
Batter strikes out.
Batting: RHB Ronnie Cleveland 0-0: Ball
1-0: Swinging Strike
1-1: Ball
2-1: Ball
3-1: Swinging Strike
3-2: Foul Ball, location: 2F
3-2: Strikes out swinging
Batting: RHB Aurelio García 0-0: Ball
1-0: Called Strike
1-1: Foul Ball, location: 2F
1-2: Foul Ball, location: 2F
1-2: Ball
2-2: Strikes out swinging
Top of the 1st over - 0 run(s), 1 hit(s), 0 error(s), 1 left on base; Westwood 0 - Glendale 0
BOTTOM OF THE 1ST
Glendale Herons batting - Pitching for Westwood Sixshooters : RHP Jorge Carrión
Pitching: RHP Jorge Carrión
Batting: LHB Job Pels 0-0: Ball
1-0: SINGLE (Line Drive, 6D)
Batting: LHB Pedro Rodríguez 0-0: Called Strike
0-1: Fly out, F7 (Line Drive, 7M)
Batting: LHB Victor Adams 0-0: Ball
1-0: SINGLE (Groundball, 56D)
Job Pels to second
Batting: RHB John Aston 0-0: Ball
Job Pels is caught stealing 3rd base
Victor Adams to second
1-0: Called Strike
1-1: Fly out, F2 (Popup, 2LF)
Bottom of the 1st over - 0 run(s), 2 hit(s), 0 error(s), 1 left on base; Westwood 0 - Glendale 0
TOP OF THE 2ND
Westwood Sixshooters batting - Pitching for Glendale Herons : RHP Jesús López
Batting: LHB Javier Sánchez 0-0: Swinging Strike
0-1: Foul Ball, location: 2F
0-2: Ball
1-2: Foul Ball, location: 2F
1-2: Ground out 5-3 (Groundball, 56)
Batting: RHB Wes Shannon 0-0: Foul Ball, location: 2F
0-1: Called Strike
0-2: Strikes out swinging
Batting: RHB Jorge Morales 0-0: Ball
1-0: Swinging Strike
1-1: Swinging Strike
1-2: Foul Ball, location: 2F
1-2: Foul Ball, location: 2F
1-2: Ball
2-2: Ball
3-2: Fly out, F2 (Popup, 23F)
Top of the 2nd over - 0 run(s), 0 hit(s), 0 error(s), 0 left on base; Westwood 0 - Glendale 0
BOTTOM OF THE 2ND
Glendale Herons batting - Pitching for Westwood Sixshooters : RHP Jorge Carrión
Batting: RHB Gilbert Graham 0-0: Ball
1-0: Swinging Strike
1-1: Foul Ball, location: 2F
1-2: Ball
2-2: Foul Ball, location: 2F
2-2: Strikes out swinging
Batting: RHB José Masaferro 0-0: Ball
1-0: Ground out 1-3 (Groundball, 13)
Batting: LHB Robert Bond 0-0: Ground out 4-3 (Groundball, 34)
Bottom of the 2nd over - 0 run(s), 0 hit(s), 0 error(s), 0 left on base; Westwood 0 - Glendale 0
TOP OF THE 3RD
Westwood Sixshooters batting - Pitching for Glendale Herons : RHP Jesús López
Batting: RHB Richard Hicks 0-0: Ball
1-0: Called Strike
1-1: Ball
2-1: Ball
3-1: Foul Ball, location: 2F
3-2: Fly out, F8 (Flyball, 8RM)
Batting: RHB Sergio Martínez 0-0: Foul Ball, location: 2F
0-1: Called Strike
0-2: Fly out, F5 (Popup, 5)
Batting: RHB Manuel Becerra 0-0: Ground out 6-3 (Groundball, 6)
Top of the 3rd over - 0 run(s), 0 hit(s), 0 error(s), 0 left on base; Westwood 0 - Glendale 0
BOTTOM OF THE 3RD
Glendale Herons batting - Pitching for Westwood Sixshooters : RHP Jorge Carrión
Batting: LHB Manny Rosário 0-0: Ball
1-0: Called Strike
1-1: Ground out U3 (Groundball, 3L)
Batting: SHB Wilbert Carter 0-0: Foul Ball, location: 2F
0-1: Ball
1-1: Foul Ball, location: 2F
1-2: Ball
2-2: Strikes out swinging
Batting: LHB Job Pels 0-0: Ball
1-0: Called Strike
1-1: Ground out 6-3 (Groundball, 6)
Bottom of the 3rd over - 0 run(s), 0 hit(s), 0 error(s), 0 left on base; Westwood 0 - Glendale 0
TOP OF THE 4TH
Westwood Sixshooters batting - Pitching for Glendale Herons : RHP Jesús López
Batting: RHB Jason Boyer 0-0: Ball
1-0: SINGLE (Groundball, 15S) (infield hit)
Batting: RHB Ronnie Cleveland 0-0: Called Strike
0-1: Foul Ball, location: 2F
0-2: Ball
1-2: Foul Ball, location: 2F
1-2: Strikes out swinging
Batting: RHB Aurelio García 0-0: Foul Ball, location: 2F
0-1: Swinging Strike
0-2: Strikes out swinging
Batting: LHB Javier Sánchez 0-0: Ball
1-0: SINGLE (Groundball, 3D)
Jason Boyer to second
Runner from 2nd tries for 3rd, SAFE, throw made to third
Batting: RHB Wes Shannon 0-0: Called Strike
0-1: Foul Ball, location: 2F
0-2: Foul Ball, location: 2F
0-2: Foul Ball, location: 2F
0-2: Foul Ball, location: 2F
0-2: Ball
1-2: Ground out 5-3 (Groundball, 5)
Top of the 4th over - 0 run(s), 2 hit(s), 0 error(s), 2 left on base; Westwood 0 - Glendale 0
BOTTOM OF THE 4TH
Glendale Herons batting - Pitching for Westwood Sixshooters : RHP Jorge Carrión
Batting: LHB Pedro Rodríguez 0-0: Called Strike
0-1: Fly out, F7 (Line Drive, 78M)
Batting: LHB Victor Adams 0-0: Ground out 4-3 (Groundball, 34)
Batting: RHB John Aston 0-0: Ball
1-0: Ball
2-0: Foul Ball, location: 2F
2-1: Called Strike
2-2: Foul Ball, location: 2F
2-2: SOLO HOME RUN (Flyball, 7D), Distance : 373 ft
Batting: RHB Gilbert Graham 0-0: Ball
1-0: Ball
2-0: Ground out 5-3 (Groundball, 5S)
Bottom of the 4th over - 1 run(s), 1 hit(s), 0 error(s), 0 left on base; Westwood 0 - Glendale 1
TOP OF THE 5TH
Westwood Sixshooters batting - Pitching for Glendale Herons : RHP Jesús López
Batting: RHB Jorge Morales 0-0: Foul Ball, location: 2F
0-1: Swinging Strike
0-2: Ball
1-2: Foul Ball, location: 2F
1-2: Ball
2-2: Strikes out looking
Batting: RHB Richard Hicks 0-0: Ball
1-0: Foul Ball, location: 2F
1-1: Ball
2-1: Foul Ball, location: 2F
2-2: Foul Ball, location: 2F
2-2: DOUBLE (Flyball, 7D)
Batting: RHB Sergio Martínez 0-0: Ball
1-0: Foul Ball, location: 2F
1-1: Called Strike
1-2: Strikes out swinging
Batting: RHB Manuel Becerra 0-0: Called Strike
0-1: Foul Ball, location: 2F
0-2: Strikes out swinging
Top of the 5th over - 0 run(s), 1 hit(s), 0 error(s), 1 left on base; Westwood 0 - Glendale 1
BOTTOM OF THE 5TH
Glendale Herons batting - Pitching for Westwood Sixshooters : RHP Jorge Carrión
Batting: RHB José Masaferro 0-0: Foul Ball, location: 2F
0-1: SOLO HOME RUN (Line Drive, 9D), Distance : 407 ft
Batting: LHB Robert Bond 0-0: Foul Ball, location: 2F
0-1: Swinging Strike
0-2: Ball
1-2: Ball
2-2: SINGLE (Line Drive, 5L)
Batting: LHB Manny Rosário 0-0: Ball
1-0: Ball
2-0: SINGLE (Groundball, 5D)
Robert Bond to second
Batting: SHB Wilbert Carter 0-0: Bunted foul
0-1: Bunted foul
0-2: Foul Ball, location: 2F
0-2: Strikes out looking
Batting: LHB Job Pels 0-0: Swinging Strike
0-1: Foul Ball, location: 2F
0-2: Ball
Wild Pitch!
Robert Bond to third
Manny Rosário to second
1-2: Ball
2-2: Fly out, F8 (Flyball, 8RM)
Runner from 3rd tags up, SCORES, throw made
Batting: LHB Pedro Rodríguez 0-0: Called Strike
0-1: Ball
1-1: Ball
2-1: Ball
3-1: Foul Ball, location: 2F
3-2: Strikes out looking
Bottom of the 5th over - 2 run(s), 3 hit(s), 0 error(s), 1 left on base; Westwood 0 - Glendale 3
TOP OF THE 6TH
Westwood Sixshooters batting - Pitching for Glendale Herons : RHP Jesús López
Batting: RHB Jason Boyer 0-0: Called Strike
0-1: Ball
1-1: Ball
2-1: Foul Ball, location: 2F
2-2: Foul Ball, location: 2F
2-2: Strikes out looking
Batting: RHB Ronnie Cleveland 0-0: Ball
1-0: Ground out 1-3 (Groundball, 23)
Batting: RHB Aurelio García 0-0: Called Strike
0-1: Fly out, F7 (Flyball, 7S)
Top of the 6th over - 0 run(s), 0 hit(s), 0 error(s), 0 left on base; Westwood 0 - Glendale 3
BOTTOM OF THE 6TH
Glendale Herons batting - Pitching for Westwood Sixshooters : RHP Jorge Carrión
Batting: LHB Victor Adams 0-0: SINGLE (Groundball, 3D)
Batting: RHB John Aston 0-0: Ball
1-0: Foul Ball, location: 2F
1-1: Ball
2-1: Fly out, F3 (Popup, 3F)
Batting: RHB Gilbert Graham 0-0: Ball
1-0: Ball
2-0: Fly out, F9 (Popup, 4D)
Batting: RHB José Masaferro 0-0: Ball
1-0: Ball
2-0: Ball
3-0: Called Strike
3-1: Called Strike
3-2: 2-RUN HOME RUN (Line Drive, 89XD), Distance : 415 ft
Pitching: RHP Devin Federith
Batting: LHB Robert Bond 0-0: Ball
1-0: Ball
2-0: Ball
3-0: Base on Balls
Batting: LHB Manny Rosário 0-0: Ball
1-0: Swinging Strike
1-1: Ball
2-1: Foul Ball, location: 2F
2-2: Foul Ball, location: 2F
2-2: Foul Ball, location: 2F
2-2: Ball
3-2: Strikes out looking
Bottom of the 6th over - 2 run(s), 2 hit(s), 0 error(s), 1 left on base; Westwood 0 - Glendale 5
TOP OF THE 7TH
Westwood Sixshooters batting - Pitching for Glendale Herons : RHP Jesús López
Batting: LHB Javier Sánchez 0-0: SINGLE (Groundball, 4MD)
Batting: RHB Wes Shannon 0-0: Called Strike
0-1: Swinging Strike
0-2: Strikes out looking
Batting: RHB Jorge Morales 0-0: Ball
1-0: Swinging Strike
1-1: Fly out, F2 (Popup, 2LF)
Batting: RHB Richard Hicks 0-0: Ball
1-0: SINGLE (Groundball, 6MD)
Javier Sánchez to second
Throwing error, E8
Javier Sánchez scores
Richard Hicks to second
Batting: RHB Sergio Martínez 0-0: Ball
1-0: Ground out 6-3 (Groundball, 56)
Top of the 7th over - 1 run(s), 2 hit(s), 1 error(s), 1 left on base; Westwood 1 - Glendale 5
BOTTOM OF THE 7TH
Glendale Herons batting - Pitching for Westwood Sixshooters : RHP Devin Federith
Batting: SHB Wilbert Carter 0-0: Ball
1-0: Bunted foul
1-1: Ball
2-1: SINGLE (Line Drive, 6M)
Batting: LHB Job Pels 0-0: Sac Bunt - play at first, batter OUT! 3-4
Wilbert Carter to second
Batting: LHB Pedro Rodríguez 0-0: Ball
1-0: Swinging Strike
1-1: SINGLE (Flyball, 8LS)
Wilbert Carter to third
Batting: LHB Victor Adams 0-0: Ball
1-0: Ball
2-0: Ball
3-0: Base on Balls
Pedro Rodríguez to second
Batting: RHB John Aston 0-0: Ball
1-0: Fly out, F7 (Flyball, 7LM)
Runner from 3rd tags up, SCORES, no throw
Batting: RHB Gilbert Graham 0-0: Ball
1-0: Ball
2-0: Ball
3-0: Called Strike
3-1: Base on Balls
Pedro Rodríguez to third
Victor Adams to second
Batting: RHB José Masaferro 0-0: Ball
1-0: Foul Ball, location: 2F
1-1: Ball
2-1: Swinging Strike
2-2: Foul Ball, location: 2F
2-2: Ball
3-2: Base on Balls
Pedro Rodríguez scores
Victor Adams to third
Gilbert Graham to second
Batting: LHB Robert Bond 0-0: Called Strike
0-1: Ball
1-1: Called Strike
1-2: Foul Ball, location: 2F
1-2: Strikes out swinging
Bottom of the 7th over - 2 run(s), 2 hit(s), 0 error(s), 3 left on base; Westwood 1 - Glendale 7
TOP OF THE 8TH
Westwood Sixshooters batting - Pitching for Glendale Herons : RHP Jesús López
Pitching: RHP Javier Estrada
Batting: RHB Manuel Becerra 0-0: Ball
1-0: Called Strike
1-1: Ball
2-1: Ground out 6-3 (Groundball, 6M)
Batting: RHB Jason Boyer 0-0: Called Strike
0-1: Called Strike
0-2: Foul Ball, location: 2F
0-2: Ball
1-2: Ground out 5-3 (Groundball, 56)
Batting: RHB Ronnie Cleveland 0-0: Called Strike
0-1: Ball
1-1: Ball
2-1: Ball
3-1: Ground out 6-3 (Groundball, 6)
Top of the 8th over - 0 run(s), 0 hit(s), 0 error(s), 0 left on base; Westwood 1 - Glendale 7
BOTTOM OF THE 8TH
Glendale Herons batting - Pitching for Westwood Sixshooters : RHP Devin Federith
Batting: LHB Manny Rosário 0-0: SINGLE (Groundball, 4MD) (infield hit)
Batting: SHB Wilbert Carter 0-0: Sac Bunt - play at first, batter OUT! 5-4
Manny Rosário to second
Batting: LHB Job Pels 0-0: Ball
1-0: Ball
2-0: Swinging Strike
2-1: Foul Ball, location: 2F
2-2: Strikes out swinging
Batting: LHB Pedro Rodríguez 0-0: Called Strike
0-1: Ground out 1-3 (Groundball, 23)
Bottom of the 8th over - 0 run(s), 1 hit(s), 0 error(s), 1 left on base; Westwood 1 - Glendale 7
TOP OF THE 9TH
Westwood Sixshooters batting - Pitching for Glendale Herons : RHP Javier Estrada
Now at 2B: Tim Wilson
Batting: RHB Aurelio García 0-0: Called Strike
0-1: Swinging Strike
0-2: Ball
1-2: Fly out, F7 (Popup, 78S)
Batting: LHB Javier Sánchez 0-0: Called Strike
0-1: Ball
1-1: Foul Ball, location: 2F
1-2: Foul Ball, location: 2F
1-2: Foul Ball, location: 2F
1-2: Foul Ball, location: 2F
1-2: Foul Ball, location: 2F
1-2: Strikes out swinging
Batting: RHB Wes Shannon 0-0: Ball
1-0: Ball
2-0: SINGLE (Groundball, 6MD)
Batting: RHB Jorge Morales 0-0: Called Strike
0-1: Ball
1-1: Swinging Strike
1-2: Reached on error, E6 (Groundball, 6)
Wes Shannon to second
Batting: RHB Richard Hicks 0-0: Swinging Strike
0-1: Ball
1-1: Ball
2-1: Ground out 1-3 (Groundball, 13)
Top of the 9th over - 0 run(s), 1 hit(s), 1 error(s), 2 left on base; Westwood 1 - Glendale 7
This league is powered by Out of the Park Baseball, the baseball management simulation game for PC, Mac and Linux
Friday, April 15th, 2016 - OOTP Baseball 16.9 Build 39